 Dungeon Crawl Stone Soup version 0.21-a0-286-g6fcecc0 (webtiles) character file.

110 GordonOverkill the Poker (level 4, -1/39 HPs)
             Began as a Gnoll Monk on Sept 28, 2017.
             Slain by a worker ant (4 damage)
             ... on level 4 of the Dungeon.
             The game lasted 00:05:54 (4757 turns).

GordonOverkill the Poker (Gnoll Monk)               Turns: 4757, Time: 00:05:54

Health: -1/39      AC:  5    Str:  7    XL:     4   Next: 91%
Magic:  4/4        EV: 10    Int:  7    God:
Gold:   137        SH:  0    Dex:  7    Spells: 3/3 levels left

rFire    + . .     SeeInvis .   a - +0 spear
rCold    + . .     Gourm    .   (no shield)
rNeg     . . .     Faith    .   e - +0 ring mail
rPois    .         Spirit   .   (no helmet)
rElec    .         Reflect  .   b - scarf {rC+ rF+}
rCorr    .         Harm     .   (no gloves)
MR       .....                  (no boots)
Stlth    +.........             (no amulet)
HPRegen  0.13/turn              (no ring)
MPRegen  0.09/turn              (no ring)

@: lethally poisoned (-1 -> -10), very slightly contaminated, hasted, invisible,
very quick
A: unchanging attributes, fangs 1, strong nose
a: no special abilities


You were on level 4 of the Dungeon.
You were not hungry.

You visited 1 branch of the dungeon, and saw 4 of its levels.

You collected 137 gold pieces.

Inventory:

Hand Weapons
 a - a +0 spear (weapon)
Armour
 b - a scarf of resistance (worn)
 e - a +0 ring mail (worn)
Scrolls
 i - 2 scrolls of remove curse
Comestibles
 c - 2 bread rations
 f - 2 chunks of flesh
 g - a royal jelly
 j - 2 meat rations


   Skills:
 + Level 5.3 Fighting
 * Level 6.2 Polearms
 - Level 4.0 Dodging
 - Level 2.4 Stealth


You had 3 spell levels left.
You didn't know any spells.

Dungeon Overview and Level Annotations

Branches:
Dungeon (4/15)
 Temple: D:4-7

Altars:
Sif Muna
Uskayaw


Innate Abilities, Weirdness & Mutations

Your physical attributes are unchanging.
You have very sharp teeth.
Your uncanny sense of smell can sniff out nearby items.


Message History

You hit the worker ant but do no damage.
You feel sick. The worker ant bites you.
You are too injured to fight recklessly!
You hit the worker ant.
The worker ant is lightly wounded.
You feel sick. The worker ant closely misses you.
You are too injured to fight recklessly!
You feel yourself speed up.
* * * LOW HITPOINT WARNING * * *
You feel sick. The worker ant closely misses you. The worker ant bites you!
* * * LOW HITPOINT WARNING * * *
It was a potion of invisibility.
You fade into invisibility!
* * * LOW HITPOINT WARNING * * *
You feel sick.
You are very lightly contaminated with residual magic.
You hit the worker ant but do no damage.
The worker ant is lightly wounded.
The worker ant bites you.
You die...

###.#.# #.# ###.#.#
#.#### # ##..#.#
#....#.# #..##.#
#.#..#.#
......#######....#.##
....................+
...##########......##
#.## ###..### #.#
##@# #.# #a# #.# #..
#.# #... #.# #...#
#.# ##.## ..# .# .#


You could see a worker ant.

Vanquished Creatures
  2 orc wizards
  An adder (D:2)
  4 worms
  A leopard gecko (D:2)
  2 orcs (D:2)
  A ball python (D:1)
  2 giant cockroaches
  5 goblins
  5 hobgoblins
  A quokka (D:3)
  4 bats
  A frilled lizard (D:1)
  5 kobolds
  7 rats
41 creatures vanquished.

Notes
Turn   | Place    | Note
-------+----------+-------------------------------------------
     0 | D:1      | GordonOverkill the Gnoll Monk began the quest for the Orb.
     0 | D:1      | Reached XP level 1. HP: 19/19 MP: 1/1
    38 | D:1      | You fall through a shaft!
   383 | D:2      | Reached XP level 2. HP: 25/25 MP: 2/2
  1011 | D:1      | Reached skill level 5 in Polearms
  1061 | D:1      | Reached XP level 3. HP: 31/31 MP: 3/3
  3852 | D:3      | Found a deep blue altar of Sif Muna.
  3852 | D:3      | Found a hide-covered altar of Uskayaw.
  4013 | D:3      | Reached XP level 4. HP: 17/38 MP: 4/4
  4257 | D:2      | Reached skill level 5 in Fighting
  4527 | D:3      | Reached skill level 6 in Polearms
  4757 | D:4      | Slain by a worker ant

Vault maps used:
D:1:      dpeg_arrival_rooms_c
D:2:      first_bread, minmay_tetromino_t2
D:3:      gammafunk_temple_overflow_pools

Skill      XL: |  1  2  3  4 |
---------------+-------------+-----
Polearms       | 5 6 |  6.2
Fighting       | 5 |  5.3
Dodging        | |  4.0
Stealth        | |  2.4

Action                   |  1- 3 |  4- 6 || total
-------------------------+-------+-------++-------
Melee: Spear             |   267 |    70 ||   337
       Bite              |    12 |     5 ||    17
  Use: Scroll            |     4 |       ||     4
       Potion            |     3 |     2 ||     5
 Stab: Sleeping          |     2 |       ||     2
  Eat: Chunk             |     7 |     1 ||     8
       Royal jelly       |     2 |       ||     2
Armor: Ring mail         |    85 |    15 ||   100
Dodge: Dodged            |    85 |    22 ||   107

Table legend:
 A = Spawn XP
 B = Non-spawn XP
 C = Spawn XP percentage of total XP
 D = Spawn monster count
 E = Non-spawn monster count
 F = Spawn count percentage of total count
 G = Total turns spent on level
                    A         B        C        D         E        F      G
               +---------+---------+-------+---------+---------+-------+---------
         Total |       0 |     158 |   0.0 |       0 |      41 |   0.0 |  4757
               +---------+---------+-------+---------+---------+-------+---------
           D:1 |       0 |      12 |   0.0 |       0 |       8 |   0.0 |   856
           D:2 |       0 |      98 |   0.0 |       0 |      24 |   0.0 |  2333
           D:3 |       0 |      48 |   0.0 |       0 |       9 |   0.0 |  1522
               +---------+---------+-------+---------+---------+-------+---------
